 Dungeon Crawl Stone Soup version 0.32-a0-85-g672eff3212 (webtiles) character file.

Game seed: 3371307609028159839

988 SnaplasherVine the Sneak (level 8, -7/72 HPs)
             Began as a Naga Alchemist on Feb 5, 2024.
             Splashed by a jelly's acid (10 damage)
             ... on level 5 of the Dungeon.
             The game lasted 00:08:51 (6459 turns).

SnaplasherVine the Sneak (Naga Alchemist)           Turns: 6459, Time: 00:08:51

Health: -7/72      AC:  3    Str: 11    XL:     8   Next: 18%
Magic:  5/14       EV:  9    Int: 17    God:
Gold:   237        SH:  0    Dex: 12    Spells: 10/15 levels left

rFire   + . .        n - +1 whip (elec)
rCold   . . .        (no shield)
rNeg    . . .        a - +0 robe
rPois   +            (no helmet)
rElec   .            (no cloak)
rCorr   .            (no gloves)
SInv    +            o - +0 barding
Will    +....        (no amulet)
Stlth   +++          F - ring of protection from fire
HPRegen 0.32/turn    (no ring)
MPRegen 0.14/turn

%: no passive effects
@: about to teleport, corroded, very slow
A: AC +2, large, see invisible, deformed body, poison resistance, slowness 2,
spit poison 1, naga tail 1
a: Spit Poison


You were on level 5 of the Dungeon.
You visited 1 branch of the dungeon, and saw 6 of its levels.

You collected 237 gold pieces.

Inventory:

Hand Weapons
 n - a +1 whip of electrocution (weapon)
 q - a +1 dagger of flaming
Missiles
 v - 2 throwing nets {=f!f}
Armour
 a - a +0 robe (worn)
 o - a +0 barding (worn)
Magical Staves
 A - a staff of conjuration {!a}
Jewellery
 f - a ring of fire
 F - a ring of protection from fire (left hand)
Wands
 t - a wand of flame (7)
Scrolls
 e - 7 scrolls of identify {unknown}
 i - a scroll of amnesia {unknown}
 k - 2 scrolls of fear {unknown}
 m - a scroll of noise {unknown}
 x - a scroll of fog {unknown}
Potions
 b - a potion of magic
 c - a potion of degeneration {unknown}
 d - a potion of lignification {unknown}
 h - a potion of heal wounds {unknown}
 j - a potion of brilliance {unknown}
 p - a potion of cancellation {unknown}
 r - 2 potions of might {unknown}
 u - a potion of curing {@q1}
 w - a potion of ambrosia {unknown}
 z - a potion of enlightenment {unknown}


   Skills:
 + Level 3.8 Fighting
 - Level 4.0 Dodging
 + Level 7.0 Stealth
 - Level 4.0 Spellcasting
 - Level 1.0 Conjurations
 - Level 6.0 Alchemy


You had 10 spell levels left.
You knew the following spells:

 Your Spells              Type           Power      Damage    Failure   Level
o - Olgreb's Toxic Radia  Alch           23%        N/A       13%         4
s - Sting                 Conj/Alch      60%        1d6       3%          1

Your spell library contained the following spells:

 Spells                   Type           Power      Damage    Failure   Level
 Mercury Vapours          Alch/Air       26%        N/A       7%          2
 Mephitic Cloud           Conj/Alch/Air  11%        N/A       19%         3
 Sticky Flame             Fire/Alch      13%        2d5       41%         4


Dungeon Overview and Level Annotations

Branches:
Dungeon (6/15)
 Temple: D:4-7

Altars:
Ashenzari
Cheibriados
Qazlal
Sif Muna

Shops:
D:2 :   D:4 :

Annotations:
D:5 Eustachio


Innate Abilities, Weirdness & Mutations

Your serpentine skin is tough. (AC +2)
You have supernaturally acute eyesight. (SInv)
Armour fits poorly on your strangely shaped body.
Your system is resistant to poisons. (rPois)
You cover ground very slowly.
You can spit poison.
You have a snake-like lower body.


Message History

Eustachio hits you with a +0 rapier. The jelly hits you but does no damage.
As you read the scroll labelled REANWU SOUHUOC, it crumbles to dust.
It is a scroll of enchant weapon.
Your +0 whip of electrocution glows red for a moment.
Your toxic aura wanes.
The white imp hits you but does no damage.
Eustachio mumbles some strange words.
The jelly hits you.
You are splashed with acid!
* * * LOW HITPOINT WARNING * * *
Unknown command.
As you read the scroll labelled SIBBIA QEHI, it crumbles to dust.
It is a scroll of brand weapon.
Your +1 dagger of venom is engulfed in flames!
q - a +1 dagger of flaming The white imp gestures at you.
The puff of frost hits you.
* * * LOW HITPOINT WARNING * * *
The jelly completely misses you. Eustachio hits you with a +0 rapier.
* * * LOW HITPOINT WARNING * * *
Unknown command.
As you read the scroll labelled MURRAC IMOQOANT, it crumbles to dust.
You feel momentarily disoriented.
It was a scroll of revelation.
The white imp gestures at you. The puff of frost hits you.
* * * LOW HITPOINT WARNING * * *
The jelly hits you but does no damage. Eustachio hits you but does no damage.
Unknown command.
As you read the scroll labelled SAUZAN MUJAE, it crumbles to dust.
You feel strangely unstable.
It was a scroll of teleportation.
The white imp closely misses you. The jelly hits you but does no damage.
Eustachio barely misses you.
You hit Eustachio. The white imp hits you.
* * * LOW HITPOINT WARNING * * *
The white imp freezes you.
* * * LOW HITPOINT WARNING * * *
The jelly hits you.
* * * LOW HITPOINT WARNING * * *
The acid corrodes you!
You are splashed with acid.
* * * LOW HITPOINT WARNING * * *
Eustachio hits you with a +0 rapier!
* * * LOW HITPOINT WARNING * * *
Unknown command.
It was a potion of curing.
You feel better. The white imp gestures at you. The puff of frost hits you!
* * * LOW HITPOINT WARNING * * *
The jelly hits you.
* * * LOW HITPOINT WARNING * * *
You are splashed with acid!
You die...

######...#.############.#
###..##
.........#..##..........###...##
######._[##..#.##########...###
.........รท.......########.###
######...###...#.######...#
#.P.####..#.#####..###
######.P.#####.#.#####.##
.....#.P.#####.#5#####.#
####...P......r@@J.....#
#.#...#####r#########
#.#[..#####.....#####
#.#.#.#####.#########
#.#.#.#####.#########
####.#.#.#####.#########
.....#.#.#####.#########
####.#...#####.######### #.#...#
#.#


You could see Eustachio (very poisoned), a jelly, a white imp, a quokka
(summoned) and a rat (summoned).

Vanquished Creatures
  An ice beast (D:5)
  A sky beast (D:4)
  2 black bears (D:5)
  A phantom (D:5)
  A howler monkey (D:4)
  2 bombardier beetles
  A jelly (D:4)
  A hound (D:5)
  2 iguanas (D:5)
  2 sleepcaps
  Natasha (twice) (D:3)
  8 gnolls
  8 adders
  A white imp (D:5)
  2 ribbon worms
  A dart slug (D:3)
  7 orcs
  5 ball pythons
  6 endoplasms
  3 giant cockroaches
  5 goblins
  11 hobgoblins
  2 jackals (D:1)
  5 kobolds
  5 quokkas
  4 frilled lizards
  3 rats
92 creatures vanquished.

Notes
Turn   | Place    | Note
-------+----------+-------------------------------------------
     0 | D:1      | SnaplasherVine the Naga Alchemist began the quest for the
                  | Orb.
     0 | D:1      | Reached XP level 1. HP: 15/15 MP: 3/3
   140 | D:1      | Reached XP level 2. HP: 13/22 MP: 1/5
   695 | D:1      | Reached XP level 3. HP: 28/28 MP: 3/6
  1655 | D:2      | Reached skill level 3 in Spellcasting
  1772 | D:2      | Reached XP level 4. HP: 36/36 MP: 6/8
  1998 | D:2      | Found Fowufivy's Book Shop.
  2694 | D:3      | Learned a level 4 spell: Olgreb's Toxic Radiance
  2779 | D:3      | Found a faded altar of an unknown god.
  2794 | D:3      | Reached XP level 5. HP: 34/42 MP: 0/10
  3155 | D:3      | Noticed Natasha
  3177 | D:3      | Killed Natasha
  3720 | D:3      | Noticed Natasha
  3741 | D:3      | Killed Natasha
  3742 | D:3      | Reached skill level 6 in Alchemy
  4072 | D:4      | Reached XP level 6. HP: 49/49 MP: 5/12
  4423 | D:4      | Noticed a sky beast
  4433 | D:4      | Killed a sky beast
  4434 | D:4      | Reached skill level 3 in Dodging
  4579 | D:4      | Reached XP level 7. HP: 14/55 MP: 1/13
  4761 | D:4      | Found Qigali's Book Emporium.
  4936 | D:4      | Found a stormy altar of Qazlal.
  5216 | D:5      | Entered Level 5 of the Dungeon
  5236 | D:5      | Reached skill level 1 in Fighting
  5350 | D:5      | Found a shimmering blue altar of Sif Muna.
  5355 | D:5      | Reached skill level 4 in Stealth
  5406 | D:5      | Found a snail-covered altar of Cheibriados.
  5643 | D:5      | Reached skill level 5 in Stealth
  5803 | D:5      | Found a broken altar of Ashenzari.
  5818 | D:5      | Reached skill level 3 in Fighting
  5818 | D:5      | Reached skill level 6 in Stealth
  6248 | D:6      | Noticed Eustachio
  6280 | D:5      | Reached XP level 8. HP: 45/69 MP: 14/14
  6288 | D:5      | Reached skill level 7 in Stealth
  6458 | D:5      | HP: 3/72 [Eustachio/+0 rapier (7)]
  6459 | D:5      | Splashed by a jelly's acid

Illustrated notes

Levels and vault maps discovered:
D:1:      minmay_arrival_open_corners, layout_basic, st_stairs_13
D:2:      layout_loops_ring, serial_bayou, serial_bayou_lagoon_a,
          serial_bayou_ford_a, serial_bayou_pond_a, serial_bayou_pond_e,
          serial_shops, nicolae_shop_back_alley_shop,
          minmay_misc_feat_nine_boxes
D:3:      layout_loops_ring, dreamdust_ecumenical_altar_grove,
          kennysheep_cross_bottleneck, minmay_ruptured, uniq_natasha
D:4:      cheibrodos_old_hovel, layout_loops_ring, mainiacjoe_overflow_catwalk,
          serial_shops, shop, minmay_quadrilaterals
D:5:      layout_basic, mainiacjoe_overflow_boulevard, jmf_multi_god_temple
D:6:      minmay_cornered_nines, layout_rooms, uniq_prince_ribbit1,
          uniq_eustachio

Skill      XL: |  1  2  3  4  5  6  7  8 |
---------------+-------------------------+-----
Alchemy        | 4 5 6 |  6.0
Spellcasting   | 3 4 |  4.0
Dodging        | 2 3 4 |  4.0
Fighting       | 3 |  3.8
Stealth        | 6 7 |  7.0
Conjurations   | |  1.0

Action                     |  1- 3 |  4- 6 |  7- 9 || total
---------------------------+-------+-------+-------++-------
  Melee: Unarmed           |     8 |       |       ||     8
         Punch             |     1 |     2 |     1 ||     4
         Whip              |       |     1 |    11 ||    12
         Dagger            |       |    14 |     2 ||    16
   Cast: Sting             |    58 |   121 |    56 ||   235
         Olgreb's Toxic Ra |       |     5 |     9 ||    14
Ability: Spit Poison       |     5 |     8 |       ||    13
  Evoke: Wand              |       |     1 |     7 ||     8
    Use: Scroll            |       |       |     4 ||     4
         Potion            |       |       |     1 ||     1
   Stab: Sleeping          |       |       |     1 ||     1
 Armour: Robe              |    25 |    74 |   116 ||   215
  Dodge: Dodged            |     8 |    28 |    46 ||    82

Table legend: (Time is in decaauts)
 A = Elapsed time spent in this place.
 B = Non-inter-level travel time spent in this place.
 C = Inter-level travel time spent in this place.
 D = Time resting spent in this place.
 E = Time spent auto-exploring this place.
 F = Levels seen in this place.
 G = Mean time per level.
                   A        B        C        D        E       F      G
               +--------+--------+--------+--------+--------+-----+--------+
         Total |   7807 |   7368 |    439 |    711 |   5906 |   6 | 1301.2 |
       Dungeon |   7807 |   7368 |    439 |    711 |   5906 |   6 | 1301.2 |
               +--------+--------+--------+--------+--------+-----+--------+

Top non-repeatable levels by time:
     D:3: 1697 daAuts
     D:2: 1682 daAuts
     D:1: 1540 daAuts
     D:5: 1444 daAuts
     D:4: 1420 daAuts
     D:6: 23 daAuts
